 Dungeon Sprint DCSS version 0.29.1-15-g9cfb28693d (webtiles) character file.

Game seed: 17969805025464457980

3798 monsoonserge the Brawler (level 9, -6/133 HPs)
             Began as a Troll Gladiator on May 1, 2023.
             Was a High Priest of Wu Jian.
             Mangled by a boulder beetle (24 damage)
             ... in the Dungeon (Sprint VII: "The Pits").
             The game lasted 00:07:32 (528 turns).

monsoonserge the Brawler (Troll Gladiator)           Turns: 528, Time: 00:07:33

Health: -6/133     AC: 10    Str: 26    XL:     9   Next: 96%
Magic:  8/8        EV: 21    Int:  4    God:    Wu Jian [*****.]
Gold:   0          SH:  0    Dex: 16    Spells: 8/8 levels left

rFire   . . .      SeeInvis .     - Unarmed
rCold   + . .      Faith    .   (no shield)
rNeg    . . .      Spirit   .   p - +2 robe {rC+}
rPois   .          Reflect  .   b - +0 hat
rElec   .          Harm     .   o - +0 cloak
rCorr   .          Rampage  .   (gloves unavailable)
Will    .....      NoTele   +   (boots unavailable)
Stlth   ..........              (no amulet)
HPRegen 1.12/turn               a - +3 ring of protection
MPRegen 0.11/turn               r - +3 ring of dexterity

@: berserking, in a heavenly storm, glowing, very quick
A: large, unfitting armour, claws 3, regeneration 1, shaggy fur 1, tough skin 1
a: Renounce Religion, Wall Jump, Serpent's Lash, Heavenly Storm


You were in the Dungeon.
You worshipped Wu Jian.
Wu Jian was extremely pleased with you.
You visited 1 branch

Inventory:

Missiles
 c - 3 throwing nets (quivered)
 d - 8 large rocks
 n - 15 stones
Armour
 b - a +0 hat (worn)
 o - a +0 cloak (worn)
 p - a +2 robe of cold resistance (worn)
Jewellery
 a - a +3 ring of protection (left claw)
 r - a +3 ring of dexterity (right claw)
Scrolls
 j - a scroll of blinking
 l - 5 scrolls of amnesia
 m - a scroll of summoning
Potions
 e - 9 potions of curing
 f - 6 potions of heal wounds
 g - 4 potions of haste
 h - 4 potions of magic
 i - 3 potions of berserk rage
 k - 2 potions of invisibility
 q - a potion of brilliance


   Skills:
 + Level 6.0 Fighting
 - Level 5.3 Throwing
 + Level 10.6 Dodging
 + Level 17.8 Unarmed Combat


You had 8 spell levels left.
You didn't know any spells.
Your spell library was empty.

Dungeon Overview and Level Annotations

Branches:
Dungeon (1/1)

Altars:
Ashenzari
Cheibriados
Dithmenos
Elyvilon
Fedhas
Gozag
Hepliaklqana
Kikubaaqudgha
Makhleb
Nemelex Xobeh
Okawaru
Qazlal
Ru
Sif Muna
Trog
Uskayaw
Vehumet
Wu Jian
Xom
Yredelemnul
Zin
The Shining One
Jiyva
Lugonu


Innate Abilities, Weirdness & Mutations

You are too large for most types of armour.
You have claws for hands.
Your natural rate of healing is unusually fast.
You are covered in fur. (AC +1)
You have tough skin. (AC +1)


Message History

You scratch the acid dragon but do no damage.
The acid dragon is lightly wounded.
You lunge at the boulder beetle, in a flurry of attacks.
You claw the boulder beetle!
The boulder beetle is moderately wounded.
You barely miss the boulder beetle.
The boulder beetle is moderately wounded.
You spin and attack the acid dragon.
You claw the acid dragon!
The acid dragon is heavily wounded.
The boulder beetle hits you!!!
Ouch! That really hurt!
The boulder beetle stops rolling and uncurls.
The iguana closely misses you. The acid dragon completely misses you.
The acid dragon claws you.
The air is filled with shimmering golden clouds!
Sifu Hu Sanniang says: The storm will not cease as long as you keep fighting, disciple!
The acid dragon closely misses you. The acid dragon completely misses you.
The kobold demonologist begins to cast a cantrip, but forgets the words!
The boulder beetle leaps!
The iguana misses you.
Press: ? - help, v - describe, . - travel The floor.
This square is lit by a halo.
There is a cloud of golden dust here.
You spin and attack the acid dragon.
You scratch the acid dragon but do no damage.
The acid dragon is heavily wounded.
You spin and attack the iguana repeatedly.
You claw the iguana!
The iguana is almost dead.
You mangle the iguana!!
You kill the iguana!
The Council accepts your kill. The acid dragon spits acid at you.
The splash of acid hits you!!
* * * LOW HITPOINT WARNING * * *
Your Fighting skill increases to level 6!
A red film seems to cover your vision as you go berserk!
You feel yourself moving faster!
You feel mighty! The boulder beetle bites you!!
You die...

##......# ###....##
#### # ##†'##
###..+
###....###....#
##.....†#....##
##......'....+
##......#....##
###....###...☼##+##
# ##++## ###.☼§§@§+
# ####DKB# #
#K§§§☼§.# #
#.........# #
###########


You could see a boulder beetle, a kobold demonologist and an acid dragon
(catching breath).

Vanquished Creatures
  Josephine (D)
  A deep troll (D)
  2 cyclopes (D)
  A rime drake (D)
  A hellwing (D)
  A flying skull (D)
  3 wraiths (D)
  A warg (D)
  A water moccasin (D)
  A floating eye (D)
  An ice beast (D)
  2 ogres (D)
  A centaur (D)
  A scorpion (D)
  Crazy Yiuf (D)
  An iguana (D)
  An ufetubus (D)
  A worm (D)
  A goblin (D)
  2 jackals (D)
  A quokka (D)
  2 ball pythons (D)
  A ball python skeleton (D)
  A bat (D)
  A frilled lizard (D)
  3 kobolds (D)
34 creatures vanquished.

Notes
Turn   | Place    | Note
-------+----------+-------------------------------------------
     0 | D        | monsoonserge the Troll Gladiator began the quest for the
                  | Orb.
     0 | D        | Reached XP level 1. HP: 19/19 MP: 0/0
     9 | D        | Noticed a floating eye
    14 | D        | Killed a floating eye
    15 | D        | Reached skill level 5 in Dodging
    15 | D        | Reached skill level 6 in Unarmed Combat
    15 | D        | Reached XP level 2. HP: 29/29 MP: 1/1
    15 | D        | Reached XP level 3. HP: 36/36 MP: 2/2
    15 | D        | Reached XP level 4. HP: 44/44 MP: 3/3
    39 | D        | Found a glowing golden altar of the Shining One.
    39 | D        | Found a glowing silver altar of Zin.
    39 | D        | Found a basalt altar of Yredelemnul.
    39 | D        | Found a shimmering altar of Xom.
    39 | D        | Found an ornate altar of the Wu Jian Council.
    39 | D        | Found a bloodstained altar of Trog.
    39 | D        | Found a shimmering blue altar of Sif Muna.
    39 | D        | Found a sacrificial altar of Ru.
    39 | D        | Found a stormy altar of Qazlal.
    39 | D        | Found an iron altar of Okawaru.
    39 | D        | Found a sparkling altar of Nemelex Xobeh.
    39 | D        | Found a burning altar of Makhleb.
    39 | D        | Found a viscous altar of Jiyva.
    39 | D        | Found a hazy altar of Hepliaklqana.
    39 | D        | Found an opulent altar of Gozag.
    39 | D        | Found a blossoming altar of Fedhas.
    39 | D        | Found a white marble altar of Elyvilon.
    39 | D        | Found a shadowy altar of Dithmenos.
    39 | D        | Found a snail-covered altar of Cheibriados.
    40 | D        | Found a radiant altar of Vehumet.
    40 | D        | Found a corrupted altar of Lugonu.
    41 | D        | Found an ancient bone altar of Kikubaaqudgha.
    41 | D        | Found a hide-covered altar of Uskayaw.
    41 | D        | Found a broken altar of Ashenzari.
    47 | D        | Became a worshipper of the Wu Jian Council
    71 | D        | Reached * piety under Wu Jian
    76 | D        | Noticed a scorpion
    82 | D        | Reached ** piety under Wu Jian
    84 | D        | Killed a scorpion
    85 | D        | Reached skill level 7 in Unarmed Combat
    85 | D        | Reached XP level 5. HP: 53/53 MP: 4/4
    85 | D        | Noticed an ogre
    92 | D        | Killed an ogre
    93 | D        | Reached skill level 8 in Unarmed Combat
   144 | D        | Noticed Crazy Yiuf
   144 | D        | Noticed a warg
   153 | D        | Killed a warg
   154 | D        | Reached skill level 9 in Unarmed Combat
   154 | D        | Reached XP level 6. HP: 43/62 MP: 5/5
   156 | D        | Reached *** piety under Wu Jian
   158 | D        | Killed Crazy Yiuf
   159 | D        | Reached skill level 10 in Unarmed Combat
   224 | D        | Reached **** piety under Wu Jian
   232 | D        | Reached XP level 7. HP: 70/70 MP: 6/6
   248 | D        | Reached ***** piety under Wu Jian
   249 | D        | Reached skill level 11 in Unarmed Combat
   260 | D        | Noticed Josephine
   260 | D        | Noticed a wraith
   260 | D        | Noticed a wraith
   260 | D        | Noticed a cyclops
   261 | D        | Noticed a wraith
   264 | D        | Killed a wraith
   265 | D        | Reached skill level 12 in Unarmed Combat
   275 | D        | Killed Josephine
   276 | D        | Reached skill level 5 in Fighting
   276 | D        | Reached skill level 5 in Throwing
   276 | D        | Reached skill level 14 in Unarmed Combat
   276 | D        | Reached XP level 8. HP: 69/80 MP: 7/7
   290 | D        | Killed a cyclops
   291 | D        | Reached skill level 15 in Unarmed Combat
   291 | D        | Reached XP level 9. HP: 59/88 MP: 8/8
   424 | D        | Noticed a cyclops
   425 | D        | Noticed a rime drake
   431 | D        | Reached skill level 10 in Dodging
   432 | D        | Killed a rime drake
   433 | D        | Reached skill level 16 in Unarmed Combat
   437 | D        | Killed a cyclops
   444 | D        | Noticed a hellwing
   444 | D        | Noticed a deep troll
   450 | D        | Killed a hellwing
   451 | D        | Reached skill level 17 in Unarmed Combat
   458 | D        | Killed a deep troll
   518 | D        | Noticed a boulder beetle
   521 | D        | Noticed a kobold demonologist
   528 | D        | Mangled by a boulder beetle

Illustrated notes

Levels and vault maps discovered:
D:        pitsprint [storerooms_1, entrance_room_1, metal_vault_2, armoury_1,
          mini_pit_1, grid_room_1, main_hall_1, silver_pit, the_coven_2,
          the_vestibule_1, steel_vault_2, golden_pit, hallway_of_sentries,
          crystal_vault_2, iron_vault_5, final_vault]

Skill      XL: |  1  2  3  4  5  6  7  8  9 |
---------------+----------------------------+-----
Fighting       | 2 3 4 5 6 |  6.0
Throwing       | 3 4 5 |  5.3
Dodging        | 5 6 7 9 10 | 10.6
Unarmed Combat | 6 7 9 10 14 15 17 | 17.8

Action                   |  1- 3 |  4- 6 |  7- 9 || total
-------------------------+-------+-------+-------++-------
Melee: Unarmed           |     3 |    45 |    76 ||   124
       Punch             |       |     1 |     5 ||     6
Invok: Lunge             |       |     5 |     2 ||     7
       Heavenly Storm    |       |       |     2 ||     2
       Whirlwind         |       |       |     5 ||     5
  Use: Potion            |       |       |     1 ||     1
 Stab: Sleeping          |       |     2 |       ||     2
Armor: Robe              |       |     6 |    10 ||    16
Dodge: Dodged            |       |    18 |    32 ||    50
